 Dungeon Crawl Stone Soup version 0.16.0-12-g7215832 (webtiles) character file.

474 Ololoev the Chopper (level 7, 35/35 HPs)
             Began as a Vine Stalker Berserker on Mar 18, 2015.
             Was a Believer of Trog.
             Quit the game on level 7 of the Dungeon.
             The game lasted 00:07:02 (901 turns).

Ololoev the Chopper (Vine Stalker Berserker)         Turns: 901, Time: 00:07:02

Health: 35/35      AC:  8    Str: 16    XL:     7   Next: 10%
Magic:  9/9        EV:  7    Int: 10    God:    Trog [**....]
Gold:   57         SH:  0    Dex: 14    Spells: 0 memorised, 6 levels left

rFire  . . .     SeeInvis .     r - +6 flail of Satyriasis {crush, rPois Str-5 Int+3}
rCold  . . .     Clarity  .     p - +0 chain mail
rNeg   . . .     SustAb   .     (no shield)
rPois  +         Gourm    .     (no helmet)
rElec  .         Spirit   +     (no cloak)
rCorr  .         Warding  .     (no gloves)
rMut   .         Stasis   .     (no boots)
MR     .....                    (no amulet)
Stlth  ..........               (no ring)
                                (no ring)

@: not resistant to hostile enchantments, extremely unstealthy
A: fangs 2, regeneration 2, magic shield, antimagic bite, no device heal 3, rot
immunity
a: Burn Spellbooks, Berserk, Trog's Hand, Renounce Religion


You were on level 7 of the Dungeon.
You worshipped Trog.
Trog was pleased with you.
You were not hungry.

You visited 1 branch of the dungeon, and saw 7 of its levels.

You collected 57 gold pieces.

Notes
Turn   | Place    | Note
--------------------------------------------------------------
     0 | D:1      | Ololoev, the Vine Stalker Berserker, began the quest for the Orb.
     0 | D:1      | Reached XP level 1. HP: 11/11 MP: 1/1
   147 | D:1      | Reached skill level 3 in Short Blades
   204 | D:3      | Reached XP level 2. HP: 14/16 MP: 3/3
   240 | D:3      | Found a shattered altar of Ashenzari.
   254 | D:2      | Found a sacrificial altar of Ru.
   285 | D:4      | Noticed an ogre
   289 | D:4      | Killed an ogre
   289 | D:4      | Reached skill level 4 in Short Blades
   289 | D:4      | Reached XP level 3. HP: 19/19 MP: 4/4
   289 | D:4      | Reached XP level 4. HP: 23/23 MP: 5/5
   317 | D:5      | Entered Level 5 of the Dungeon
   353 | D:5      | Found a shadowy altar of Dithmenos.
   464 | D:6      | Found a staircase to the Ecumenical Temple.
   473 | D:7      | Noticed a giant frog
   478 | D:7      | Killed a giant frog
   478 | D:7      | Reached XP level 5. HP: 27/27 MP: 7/7
   657 | D:7      | Gained mutation: You heal very quickly. [vine stalker growth]
   657 | D:7      | Reached XP level 6. HP: 32/32 MP: 8/8
   747 | D:7      | Noticed an orc warrior
   753 | D:7      | Killed an orc warrior
   783 | D:7      | Noticed an ice beast
   785 | D:7      | Killed an ice beast
   785 | D:7      | Reached XP level 7. HP: 35/35 MP: 9/9
   823 | D:7      | Got a smoking flail
   824 | D:7      | Identified the +6 flail of Satyriasis {crush, rPois Str-5 Int+3} (You found it on level 7 of the Dungeon)
   847 | D:7      | Acquired Trog's second power
   901 | D:7      | Quit the game

Inventory:

Hand weapons
 a - a +0 short sword
 j - a +1 hand axe of flaming
 r - the +6 flail of Satyriasis (weapon) {crush, rPois Str-5 Int+3}
   (You found it on level 7 of the Dungeon)

   It inflicts extra damage upon your enemies.
   It affects your strength (-5).
   It affects your intelligence (+3).
   It protects you from poison.
Armour
 p - a +0 chain mail (worn)
Scrolls
 b - 2 scrolls of enchant weapon {unknown}
 d - 2 scrolls of teleportation {unknown}
 e - 3 scrolls of random uselessness {unknown}
 g - 2 scrolls of recharging {unknown}
 k - a scroll of amnesia {unknown}
 m - a scroll of noise {unknown}
 o - a scroll of identify {unknown}
 q - a scroll of magic mapping {unknown}
Potions
 l - a potion of berserk rage {unknown}
 n - a potion of curing {unknown}
Comestibles
 c - 2 bread rations
 f - 4 chunks of flesh
 h - a meat ration
 i - 2 fruits

Table legend:
 A = Turns spent in this place as a percentage of turns spent in the entire game.
 B = Non-inter-level travel turns spent in this place as a percentage of non-inter-level travel turns spent in the entire game.
 C = Inter-level travel turns spent in this place as a percentage of turns spent in this place.
 D = Turns resting spent in this place as a percentage of non-inter-level travel turns spent in this place.
 E = Turns spent auto-exploring this place as a percentage of non-inter-level travel turns spent in this place.
 F = Non-inter-level travel turns spent in this place divided by the number of levels of this place that you've seen.
                   A       B       C       D       E      F
               +-------+-------+-------+-------+-------+----------------------
         Total | 100.0 | 100.0 |   0.0 |   0.5 |   0.0 | 123.0
       Dungeon | 100.0 | 100.0 |   0.0 |   0.5 |   0.0 | 123.0
               +-------+-------+-------+-------+-------+----------------------


   Skills:
 - Level 2.6 Fighting
 - Level 4.3 Short Blades
 + Level 4.9 Axes
 - Level 2.5 Armour
 - Level 1.5 Dodging


You had 6 spell levels left.
You didn't know any spells.

Dungeon Overview and Level Annotations

Branches:
Dungeon (7/15)             Temple (0/1) D:6

Altars:
Ashenzari
Dithmenos
Ru


Innate Abilities, Weirdness & Mutations

You have extremely sharp teeth.
You heal very quickly.
When hurt, damage is shared between your health and your magic reserves.
Your bite disrupts and absorbs the magic of your enemies.
Potions and wands cannot restore your health.
You are immune to rotting.


Message History

Trog is aware of your devotion.
Found a smoking flail.
You now have 53 gold pieces (gained 10).
You see here a smoking flail.
r - a smoking flail Wield which item (- for none, * to show all)? (? for menu, Esc to quit)
Your +1 hand axe of flaming stops flaming.
You feel weaker.
You feel clever.
r - the +6 flail of Satyriasis (weapon)
{crush, rPois Str-5 Int+3} A hobgoblin comes into view.
It is wielding a club.
You thump the hobgoblin!!
You kill the hobgoblin!
Trog accepts your kill.
You can now regenerate and be protected from hostile enchantments.
Things that are here:
a club; a hobgoblin corpse
Things that are here:
a club; a hobgoblin corpse You offer a prayer to Trog.
The hobgoblin corpse is slowly consumed by flames.
Trog is pleased with you.
Found a scimitar.
A hobgoblin comes into view. It is wielding a club.
Found 4 gold pieces.
You see here 4 gold pieces.
You see here 4 gold pieces.
You now have 57 gold pieces (gained 4).
The hobgoblin hits you with a club.
You hit the hobgoblin.
You kill the hobgoblin!
Trog accepts your kill.
You see here a club.
Found a stone staircase leading up.
There is a stone staircase leading up here.
You climb upwards.
There is a stone staircase leading down here.
You climb downwards.
There is a stone staircase leading up here.
Are you sure you want to abandon this character and quit the game? (Confirm with "yes".)

#.# ... #.# .. #.#
#.# #.# #.# #.# ##
#.###########.#####.#
#.
#......@............#
##
###################.#


There were no monsters in sight!

Table legend:
 A = Kills in this place as a percentage of kills in entire the game.
 B = Kills by you in this place as a percentage of kills by you in the entire game.
 C = Kills by friends in this place as a percentage of kills by friends in the entire game.
 D = Other kills in this place as a percentage of other kills in the entire game.
 E = Experience gained in this place as a percentage of experience gained in the entire game.
 F = Experience gained in this place divided by the number of levels of this place that you have seen.
                   A       B       C       D       E      F
               +-------+-------+-------+-------+-------+----------------------
         Total | 100.0 | 100.0 |  -nan |  -nan | 100.0 |  96.9
       Dungeon | 100.0 | 100.0 |  -nan |  -nan | 100.0 |  96.9
               +-------+-------+-------+-------+-------+----------------------

Vanquished Creatures
  An orc warrior (D:7)
  An ogre (D:4)
  An ice beast (D:7)
  A giant frog (D:7)
  A goliath beetle (D:7)
  An iguana (D:7)
  A worker ant (D:7)
  An orc wizard (D:7)
  A giant gecko (D:1)
  2 oozes
  An orc (D:7)
  5 bats
  A giant cockroach (D:5)
  3 goblins
  2 hobgoblins (D:7)
  A giant newt (D:5)
  A quokka skeleton (D:5)
25 creatures vanquished.

Action                   |  1- 3 |  4- 6 |  7- 9 || total
-------------------------+-------+-------+-------++-------
Melee: Short sword       |    27 |    10 |       ||    37
       Hand axe          |       |    27 |     4 ||    31
       Flail             |       |       |     2 ||     2
Invok: Berserk           |     1 |     3 |       ||     4
  Eat: Chunk             |       |     2 |       ||     2
       Royal jelly       |       |     1 |       ||     1

Vault maps used:
D:1:      sevenhm_arrival_forest_fort_small_4
D:2:      tso_metal_star, hangedman_ru_absence
D:3:      ashenzari_conservatory_becter, first_bread
D:4:      yredelemnul_forgotten_temple_becter, grunt_temple_overflow_open,
          nicolae_qazlal_eye_of_the_storm
D:5:      overflow_temple_1_default, fiery_altar_vehumet
D:6:      lightli_temple_of_fire, minmay_temple_entry_junction
